 Dungeon Crawl Stone Soup version 0.21-a0-94-gdd6ab6a (webtiles) character file.

56 Lavandula the Bolt Thrower (level 3, 5/26 HPs)
             Began as a Mummy Arcane Marksman on July 2, 2017.
             Quit the game on level 3 of the Dungeon.
             The game lasted 00:07:48 (995 turns).

Lavandula the Bolt Thrower (Mummy Arcane Marksman)   Turns: 995, Time: 00:07:48

Health: 5/26       AC:  2    Str: 13    XL:     3   Next: 71%
Magic:  5/5        EV: 12    Int: 12    God:
Gold:   143        SH:  0    Dex: 13    Spells: 1/4 levels left

rFire    x . .     SeeInvis .   a - +0 hand crossbow
rCold    + . .     Gourm    .   (no shield)
rNeg     + + +     Faith    .   e - +0 robe
rPois    ∞         Spirit   .   (no helmet)
rElec    .         Reflect  .   (no cloak)
rCorr    .         Harm     .   (no gloves)
MR       .....                  (no boots)
Stlth    +.........             (no amulet)
HPRegen  0.08/turn              (no ring)
MPRegen  0.09/turn              (no ring)

@: no status effects
A: no food or potions, fire vulnerability, cold resistance 1, negative energy
resistance 3, torment resistance, unbreathing
a: no special abilities


You were on level 3 of the Dungeon.
You were not hungry.

You visited 1 branch of the dungeon, and saw 4 of its levels.

You collected 143 gold pieces.

Inventory:

Hand Weapons
 a - a +0 hand crossbow (weapon)
 f - a +0 dagger
 j - a +0 broad axe
Armour
 e - a +0 robe (worn)
Scrolls
 b - a scroll of remove curse
 g - a scroll of recharging
 h - a scroll of identify
 i - a scroll of amnesia {unknown}
Books
 c - a book of Debilitation

   Spells                             Type                      Level
   a - Corona                         Hexes                        1
   b - Slow                           Hexes                        2
   c - Inner Flame                    Hexes/Fire                   3
   d - Portal Projectile              Hexes/Translocation          3
   e - Cause Fear                     Hexes                        4
   f - Leda's Liquefaction            Hexes/Earth                  4


   Skills:
 - Level 1.0 Fighting
 + Level 3.3 Crossbows
 - Level 1.5 Dodging
 - Level 1.3 Spellcasting
 - Level 2.6 Hexes


You had one spell level left.
You knew the following spells:

 Your Spells              Type           Power        Failure   Level  Hunger
a - Corona                Hex            #......      10%         1    N/A
b - Slow                  Hex            #.......     14%         2    N/A

Dungeon Overview and Level Annotations

Branches:
Dungeon (4/15)
 Temple: D:4-7

Altars:
Dithmenos

Annotations:
D:3 Grinder; Terence
D:4 casual's ghost, novice DsFi


Innate Abilities, Weirdness & Mutations

You do not eat or drink.
Your flesh is vulnerable to fire.
You are immune to poison.
Your flesh is cold resistant. (rC+)
You are immune to negative energy. (rN+++)
You are immune to unholy pain and torment.
You can survive without breathing.


Message History

You shoot a bolt. The bolt closely misses Grinder.
Grinder blinks!
Firing (i - inventory):
d - a bolt (quivered)
Press: ? - help, Shift-Dir - straight line, f/p - Grinder
Aim: Grinder (heavily wounded)
You shoot a bolt. The bolt hits Grinder.
Grinder is severely wounded.
You aren't carrying any items that you can evoke.
Unknown command.
Wield which item (- for none, * to show all)? (? for menu, Esc to quit)
Okay, then.
As you read the scroll labeled VUMUERREON, it crumbles to dust.
You feel blessed for a moment.
It was a scroll of remove curse.
Grinder hits you.
Unknown command.
As you read the scroll labeled NIURRUIZADD, it crumbles to dust.
It is a scroll of identify.
g - a scroll of recharging Grinder hits you.
* * * LOW HITPOINT WARNING * * *
Are you sure you want to abandon this character and quit the game? (Confirm with "yes".)

[.. (##.# .. #.#
.## #.# ..## #.#
...###### #(######
.........##((....#
#.###.##..#......#
...##.........(..#
#..$..####....(5@#
###.#.###........#
#(#..#..########
#..#...##
..##.#..####
#..........#
####.......#
##..(...# ..####.#


You could see Grinder.

Vanquished Creatures
  An adder skeleton (D:4)
  A dart slug (D:1)
  3 leopard geckos
  5 orcs (D:3)
  2 giant cockroaches
  2 hobgoblins
  3 jackals (D:3)
  2 quokkas
  A ball python (D:2)
  6 bats
  4 frilled lizards
  4 goblins
  2 kobolds
  6 rats
42 creatures vanquished.

Notes
Turn   | Place    | Note
-------+----------+-------------------------------------------
     0 | D:1      | Lavandula the Mummy Arcane Marksman began the quest for the Orb.
     0 | D:1      | Reached XP level 1. HP: 15/15 MP: 2/2
    71 | D:1      | Reached skill level 2 in Crossbows
   111 | D:1      | Reached XP level 2. HP: 20/21 MP: 2/4
   268 | D:2      | Found a shadowy altar of Dithmenos.
   346 | D:3      | Noticed Terence
   351 | D:3      | Learned a level 2 spell: Slow
   414 | D:3      | Reached XP level 3. HP: 20/26 MP: 5/5
   418 | D:3      | Noticed Grinder
   502 | D:2      | Reached skill level 3 in Crossbows
   709 | D:4      | Noticed casual's ghost (novice DsFi)
   875 | D:3      | Found a faded altar of an unknown god.
   949 | D:3      | Noticed a phantom
   987 | D:3      | Paralysed by Grinder for 4 turns
   995 | D:3      | Quit the game

Vault maps used:
D:1:      minmay_arrival_diagonal_passages, serial_forest,
          infiniplex_forest_end_2, infiniplex_forest_lined_4_way,
          infiniplex_forest_clump_long, infiniplex_forest_clump_diagonal,
          infiniplex_forest_clump_curved
D:2:      minmay_misc_feat_enclosed, grunt_dithmenos_smoke_and_mirrors
D:3:      chequers_ecumenical_altar_grove, uniq_terence, uniq_grinder
D:4:      uniq_duvessa

Skill      XL: |  1  2  3 |
---------------+----------+-----
Crossbows      | 2 3 |  3.3
Fighting       | |  1.0
Dodging        | |  1.5
Spellcasting   | |  1.3
Hexes          | |  2.6

Action                   || total
-------------------------++-------
Melee: Dagger            ||    18
       Broad axe         ||    27
 Fire: Hand crossbow     ||    59
 Cast: Corona            ||    21
       Slow              ||     1
  Use: Scroll            ||     2
Armor: Robe              ||    11
Dodge: Dodged            ||    63
